 Dungeon Crawl Stone Soup version 0.20-a0-1121-gbb42413 (webtiles) character file.

156 Hook the Ducker (level 5, -1/46 HPs)
             Began as a Gnoll Monk on May 10, 2017.
             Slain by a sky beast (2 damage)
             ... on level 2 of the Dungeon.
             The game lasted 00:10:25 (3474 turns).

Hook the Ducker (Gnoll Monk)                        Turns: 3474, Time: 00:10:25

Health: -1/46      AC:  4    Str: 12    XL:     5   Next: 38%
Magic:  5/5        EV: 15    Int: 10    God:
Gold:   82         SH:  4    Dex: 16    Spells: 4/4 levels left

rFire    . . .     SeeInvis .   g - +0 short sword
rCold    . . .     Gourm    .   k - +0 buckler
rNeg     . . .     Faith    .   l - +0 leather armour
rPois    .         Spirit   .   (no helmet)
rElec    .         Reflect  .   (no cloak)
rCorr    .         Harm     .   (no gloves)
MR       .....                  v - +0 pair of boots
Stlth    +++.......             (no amulet)
Regen    0.2/turn               (no ring)
MPRegen  0.1/turn               (no ring)

@: no status effects
A: short attention span, fangs 1, strong nose
a: no special abilities


You were on level 2 of the Dungeon.
You were not hungry.

You visited 1 branch of the dungeon, and saw 2 of its levels.

You collected 82 gold pieces.

Inventory:

Hand Weapons
 a - a +0 short sword
 g - a +0 short sword (weapon)
Missiles
 d - 82 stones (quivered)
 e - 8 needles of paralysis
Armour
 b - a +0 robe
 f - a +0 ring mail
 k - a +0 buckler (worn)
 l - a +0 leather armour (worn)
 v - a +0 pair of boots (worn)
Scrolls
 h - a scroll of identify {unknown}
 i - a scroll of enchant armour {unknown}
 j - 2 scrolls of teleportation {unknown}
 n - 2 scrolls of fear {unknown}
 r - a scroll of magic mapping {unknown}
 w - a scroll of amnesia {unknown}
Potions
 o - a potion of curing {unknown}
 p - a potion of agility {unknown}
 q - a potion of might {unknown}
 s - a potion of brilliance {unknown}
 t - a potion of mutation {unknown}
Comestibles
 c - 4 bread rations
 u - a royal jelly


   Skills:
 + Level 6.1 Fighting
 + Level 5.6 Short Blades
 + Level 1.9 Armour
 * Level 6.5 Dodging
 - Level 4.3 Stealth
 + Level 0.9 Shields


You had 4 spell levels left.
You didn't know any spells.

Dungeon Overview and Level Annotations

Branches:
Dungeon (2/15)

Altars:
Xom


Innate Abilities, Weirdness & Mutations

You have a short attention span.
You have very sharp teeth.
Your uncanny sense of smell can sniff out nearby items.


Message History

You block the bat's attack. The sky beast barely misses you.
You hit the sky beast.
The sky beast is heavily wounded.
The bat hits you but does no damage.
You closely miss the sky beast.
The sky beast is heavily wounded.
You block the bat's attack. The sky beast closely misses you.
You closely miss the sky beast.
The sky beast is heavily wounded.
The bat closely misses you.
The sky beast flickers out of sight!
Deactivating autopickup; reactivate with Ctrl-A.
Something hits you.
* * * LOW HITPOINT WARNING * * *
Something shocks you.
* * * LOW HITPOINT WARNING * * *
You miss something. The bat hits you.
* * * LOW HITPOINT WARNING * * *
Something barely misses you.
You barely miss something. The bat barely misses you. Something hits you.
You die...

##..........###''#.#.#[########
.#.##.####...........#<.......#
.#.##.# ##.####..############.#
##.##.# #...........# #.###
...##.# #...........# #....
.####.###...........# #####
.#<.....#...........# #....
.##)..#.#.......b...# #.###
.##...#.#.......@[..##### #.#
......#.##.....{###.....# #.#
.#.##.#.#######.# #.....# #.#
.#.##.#.#######.# #.....# #.#
.#.##.#.#.......# #.....# #.#
...##.#.#.####### #.....# #.#
......#.#.# #.....# #.#
...##.#.#.### #.....# #.#
.#....#.....# #.....#####.#


You could see a bat.

Vanquished Creatures
  Robin (D:2)
  5 gnolls
  2 adders (D:2)
  An ooze (D:1)
  2 worms
  3 dart slugs
  7 giant cockroaches
  12 goblins
  7 hobgoblins
  A quokka (D:2)
  5 bats
  8 frilled lizards
  5 kobolds (D:1)
  9 rats
68 creatures vanquished.

Notes
Turn   | Place    | Note
-------+----------+-------------------------------------------
     0 | D:1      | Hook the Gnoll Monk began the quest for the Orb.
     0 | D:1      | Reached XP level 1. HP: 20/20 MP: 1/1
   156 | D:1      | Reached skill level 5 in Fighting
   174 | D:1      | Reached skill level 5 in Short Blades
   177 | D:1      | Reached XP level 2. HP: 18/27 MP: 2/2
   565 | D:1      | Reached skill level 5 in Dodging
   781 | D:1      | Reached skill level 1 in Armour
   858 | D:1      | Reached XP level 3. HP: 29/33 MP: 3/3
  1448 | D:1      | Found a shimmering altar of Xom.
  1622 | D:1      | Reached XP level 4. HP: 26/40 MP: 4/4
  1960 | D:2      | Noticed Robin
  2652 | D:2      | Reached XP level 5. HP: 46/46 MP: 5/5
  2903 | D:2      | Killed Robin
  3451 | D:2      | Noticed a sky beast
  3472 | D:2      | HP: 2/46 [something (5)]
  3474 | D:2      | Slain by a sky beast

Vault maps used:
D:1:      lemuel_arrival_funnel, xom_teletrap_fun
D:2:      cheibrodos_old_hovel, first_bread, minmay_tiny_reverse_x, uniq_robin

Skill      XL: |  1  2  3  4 |
---------------+-------------+-----
Fighting       | 5 6 |  6.1
Short Blades   | 5 |  5.6
Dodging        | 5 6 |  6.5
Armour         | 1 |  1.9
Stealth        | 4 |  4.3
Shields        | |  0.9

Action                   |  1- 3 |  4- 6 || total
-------------------------+-------+-------++-------
Melee: Short sword       |   119 |   182 ||   301
       Bite              |    11 |    15 ||    26
Throw: Stone             |     8 |       ||     8
  Use: Potion            |     1 |       ||     1
 Stab: Sleeping          |     5 |     4 ||     9
  Eat: Chunk             |     1 |     3 ||     4
       Bread ration      |       |     1 ||     1
Armor: Robe              |    10 |       ||    10
       Leather armour    |       |    34 ||    34
Dodge: Dodged            |    87 |   124 ||   211
Block: Buckler           |       |    32 ||    32
